 Seeded DCSS version 0.30-a0-364-gf6b3ef1049 (webtiles) character file.

Game seed: 15014602633729108710 (custom seed)

2 purpskrrrp the Sneak (level 1, -1/22 HPs)
             Began as a Troll Delver on Nov 14, 2022.
             Slain by an orc priest
             ... wielding a +0 mace
              (7 damage)
             ... on level 5 of the Dungeon.
             The game lasted 00:01:16 (185 turns).

purpskrrrp the Sneak (Troll Delver)                  Turns: 185, Time: 00:01:16

Health: -1/22      AC:  4    Str: 19    XL:     1   Next: 25%
Magic:  0/0        EV:  9    Int:  6    God:
Gold:   0          SH:  0    Dex: 11    Spells: 0/0 levels left

rFire   . . .      SeeInvis .      - Unarmed
rCold   . . .      Faith    .    (no shield)
rNeg    . . .      Spirit   .    a - +0 robe
rPois   .          Reflect  .    (helmet restricted)
rElec   .          Harm     .    (no cloak)
rCorr   .          Rampage  .    (gloves unavailable)
Will    .....                    (boots unavailable)
Stlth   +.........               (no amulet)
HPRegen 1.03/turn                (no ring)
MPRegen 0.07/turn                (no ring)

@: confused
A: large, unfitting armour, claws 3, regeneration 1, shaggy fur 1, tough skin 1
a: no special abilities


You were on level 5 of the Dungeon.
You visited 1 branch of the dungeon, and saw 1 of its levels.

Inventory:

Armour
 a - a +0 robe (worn)
Scrolls
 b - a scroll of fog
 c - a scroll of magic mapping
 d - a scroll of fear
Potions
 e - a potion of haste


   Skills:
 + Level 2.4 Fighting
 + Level 1.6 Dodging
 + Level 2.7 Stealth
 + Level 2.0 Unarmed Combat


You couldn't memorise any spells.
You didn't know any spells.
Your spell library was empty.

Dungeon Overview and Level Annotations

Branches:
Dungeon (5/15)
 Temple: D:4-7

Altars:


Innate Abilities, Weirdness & Mutations

You are too large for most types of armour.
You have claws for hands.
Your natural rate of healing is unusually fast.
You are covered in fur. (AC +1)
You have tough skin. (AC +1)


Message History

The orc wizard casts a spell.
The orc wizard flickers and vanishes!
Deactivating autopickup; reactivate with Ctrl-A.
You are too confused!
You are too confused!
You are too confused!
You are too confused!
You are too confused!
You are too confused!
You are too confused!
You are too confused!
You are too confused!
You are too confused!
You are too confused!
You are too confused!
You are too confused!
You are too confused!
You are too confused!
You are too confused!
You are too confused!
You are too confused!
You are too confused!
You are too confused!
You are too confused!
You are too confused!
The orc wizard attacks as you move away!
The orc wizard closely misses you. The orc wizard casts a spell at you.
The magic dart hits you.
You bump into the rock wall.
The orc priest closely misses you.
You bump into the rock wall.
The orc priest hits you with a +0 mace!
You claw the orc priest!
The orc priest is heavily wounded.
The orc wizard casts a spell.
The orc wizard flickers and vanishes!
The orc priest hits you with a +0 mace!
* * * LOW HITPOINT WARNING * * *
You closely miss the orc priest.
The orc priest is heavily wounded.
The orc priest hits you with a +0 mace!
You die...

..... .....oo ....###
..o.o... .....{
..o$..... ##....#
#......... #....
#..###### #{o......
#o####### #+# #@#
##########.###
#####.###.............
#........#############
#)###.##.## #.#
#.##..# #.# #.....#
#.# ####.## #.######.#
#........#


You could see an orc priest and an orc.

Vanquished Creatures
  An orc (D:5)
1 creature vanquished.

Notes
Turn   | Place    | Note
-------+----------+-------------------------------------------
     0 | D:5      | purpskrrrp the Troll Delver began the quest for the Orb.
     0 | D:5      | Reached XP level 1. HP: 22/22 MP: 0/0
    26 | D:5      | Noticed an orc wizard
   139 | D:5      | Noticed an orc wizard
   159 | D:5      | Noticed an orc priest
   171 | D:5      | Noticed an orc wizard
   185 | D:5      | Slain by an orc priest

Illustrated notes

Levels and vault maps discovered:
D:5:      layout_loops_corners, nicolae_qazlal_eye_of_the_storm

Action                   || total
-------------------------++-------
Melee: Unarmed           ||     7
Evoke: Wand              ||     3
Dodge: Dodged            ||     5

Table legend: (Time is in decaauts)
 A = Elapsed time spent in this place.
 B = Non-inter-level travel time spent in this place.
 C = Inter-level travel time spent in this place.
 D = Time resting spent in this place.
 E = Time spent auto-exploring this place.
 F = Levels seen in this place.
 G = Mean time per level.
                   A        B        C        D        E       F      G
               +--------+--------+--------+--------+--------+-----+--------+
         Total |    184 |    137 |     47 |      0 |     26 |   1 |  184.0 |
       Dungeon |    184 |    137 |     47 |      0 |     26 |   1 |  184.0 |
               +--------+--------+--------+--------+--------+-----+--------+

Top non-repeatable levels by time:
     D:5: 184 daAuts
